 Dungeon Crawl Stone Soup version 0.20.0-15-g7f486f2 (webtiles) character file.

57822 Peloso the Fencer (level 14, -5/129 HPs)
             Began as a Minotaur Fighter on June 29, 2017.
             Was the Champion of Okawaru.
             Slain by an elephant (6 damage)
             ... on level 6 of the Lair of Beasts.
             The game lasted 01:07:58 (22173 turns).

Peloso the Fencer (Minotaur Fighter)               Turns: 22173, Time: 01:07:59

Health: -5/129     AC: 27    Str: 24    XL:     14   Next: 47%
Magic:  15/15      EV:  8    Int:  1    God:    Okawaru [******]
Gold:   906        SH: 30    Dex: 12    Spells: 13/13 levels left

rFire    . . .     SeeInvis .   H - +3 scimitar (flame)
rCold    . . .     Gourm    .   T - +10 large shield of Ignorance {rN+ Int-4}
rNeg     + . .     Faith    .   t - +1 plate armour of Bitterness {+Blink MR++ Stlth+}
rPois    +         Spirit   .   C - +0 hat {MR+}
rElec    .         Reflect  .   Z - +1 cloak {MR+}
rCorr    +         Harm     .   E - +2 pair of gloves
MR       +++++                  W - +2 pair of boots of the Assassin {Detection Stab+ Stlth++}
Stlth    +.........             e - amulet of magic regeneration
Regen    0.4/turn               c - ring of resist corrosion (curse)
MPRegen  0.3/turn               Y - ring of poison resistance

@: no status effects
A: retaliatory headbutt, horns 2
a: Heroism, Finesse, Renounce Religion, Evoke Blink


You were on level 6 of the Lair of Beasts.
You worshipped Okawaru.
Okawaru was exalted by your worship.
You were not hungry.

You visited 3 branches of the dungeon, and saw 19 of its levels.
You also visited: Sewer and Volcano.

You collected 1123 gold pieces.
You spent 217 gold pieces at shops.

Inventory:

Hand Weapons
 F - a +3 scimitar of flaming
 H - a +3 scimitar of flaming (weapon)
 J - the +11 rapier of Rubbish {freeze, rElec SInv}
   (You found it on level 7 of the Dungeon)

   It has been specially enchanted to freeze those struck by it, causing extra
   injury to most foes and up to half again as much damage against particularly
   susceptible opponents.
   It can also slow down cold-blooded creatures.
   It insulates you from electricity.
   It lets you see invisible.
 Q - a +1 double sword of protection
Armour
 t - the +1 plate armour of Bitterness (worn) {+Blink MR++ Stlth+}
   (Okawaru gifted it to you on level 8 of the Dungeon)

   It affects your resistance to hostile enchantments.
   It lets you blink.
   It makes you more stealthy.
 w - a +2 cloak of invisibility
 C - a +0 hat of magic resistance (worn)
 D - a scarf of repulsion
 E - a +2 pair of gloves (worn)
 T - the +10 large shield of Ignorance (worn) {rN+ Int-4}
   (You acquired it on level 6 of the Lair of Beasts)

   It affects your intelligence (-4).
   It protects you from negative energy.
 W - the +2 pair of boots of the Assassin (worn) {Detection Stab+ Stlth++}
   (Okawaru gifted it to you on level 6 of the Lair of Beasts)

   It makes you much more stealthy.
 Z - a +1 cloak of magic resistance (worn)
Jewellery
 c - a cursed ring of resist corrosion (left hand)
 e - an amulet of magic regeneration (around neck)
 m - an uncursed ring of ice
 n - an uncursed ring of stealth
 Y - a ring of poison resistance (right hand)
Wands
 u - a wand of paralysis (11/24)
 y - a wand of digging (19/24)
 A - a wand of lightning (6/15)
 L - a wand of confusion (13/48)
 N - a wand of lightning (9/15)
 O - a wand of flame (19/48)
 P - a wand of acid (3/15)
 S - a wand of confusion (35/48)
 X - a wand of lightning (11/15)
Scrolls
 b - 2 scrolls of fear
 g - 6 scrolls of remove curse
 i - a scroll of enchant armour
 j - 6 scrolls of magic mapping
 o - 2 scrolls of summoning
 G - 2 scrolls of recharging
 I - 3 scrolls of blinking
 U - 2 scrolls of teleportation
Potions
 a - a potion of ambrosia
 d - 4 potions of agility
 k - a potion of resistance
 p - 2 potions of magic
 r - 8 potions of curing
 v - 3 potions of flight
 x - 4 potions of haste
 z - 3 potions of might
 K - 2 potions of berserk rage
 R - a potion of heal wounds
 V - a potion of invisibility
Books
 B - a book of Battle

   Spells                             Type                      Level
   a - Infusion                       Charms                       1
   b - Shroud of Golubria             Charms/Translocation         2
   c - Song of Slaying                Charms                       2
   d - Spectral Weapon                Hexes/Charms                 3
   e - Regeneration                   Charms/Necromancy            3
 M - a book of Clouds

   Spells                             Type                      Level
   a - Poisonous Vapours              Poison/Air                   2
   b - Mephitic Cloud                 Conjuration/Poison/Air       3
   c - Conjure Flame                  Conjuration/Fire             3
   d - Freezing Cloud                 Conjuration/Ice/Air          6
   e - Ring of Flames                 Charms/Fire                  7
Comestibles
 f - 11 bread rations
 h - 6 fruits
 l - 13 meat rations
 q - 3 chunks of flesh
 s - 4 royal jellies


   Skills:
 + Level 13.5 Fighting
 + Level 16.2 Long Blades
 + Level 13.9 Armour
 + Level 5.1 Dodging
 + Level 2.2 Stealth
 + Level 15.1 Shields
 + Level 3.0 Invocations


You had 13 spell levels left.
You didn't know any spells.

Dungeon Overview and Level Annotations

Branches:
Dungeon (12/15)            Temple (1/1) D:4            Lair (6/6) D:10
 Shoals (0/4) Lair:4        Snake (0/4) Lair:3          Orc (0/2) D:10
  Slime: Lair:5-6

Altars:
Ashenzari
Cheibriados
Dithmenos
Elyvilon
Fedhas
Gozag
Hepliaklqana
Kikubaaqudgha
Makhleb
Nemelex Xobeh
Okawaru
Qazlal
Ru
Sif Muna
Trog
Uskayaw
Vehumet
Xom
Yredelemnul
Zin
The Shining One

Shops:
D:11 [

Annotations:
Lair:4 exclusion: 2 oklob plants


Innate Abilities, Weirdness & Mutations

You reflexively headbutt those who attack you in melee.
You have a pair of horns on your head.


Message History

The elephant tramples the fungus.
The elephant trunk-slaps the fungus.
The dream sheep closely misses you. You block the elephant's attack. x2
You barely miss the dream sheep. You headbutt the dream sheep!
The dream sheep is heavily wounded.
You block the elephant's attack. x2; You block the dream sheep's attack.
The elephant tramples you!
* * * LOW HITPOINT WARNING * * *
You hold your ground!
The elephant trunk-slaps you but does no damage.
You slash the dream sheep! You burn the dream sheep.
You kill the dream sheep!
Okawaru accepts your kill. You block the elephant's attack. x2
Unknown command.
You barely miss the death yak. You headbutt the death yak.
The death yak is lightly wounded.
You block the elephant's attack. x2; The death yak gores you!
* * * LOW HITPOINT WARNING * * *
The elephant tramples you.
You die...

...... # ...... ## ......# #.
....... ###### #### { ##.
.......{ ....## ####..######..
.#..Y.{#####.{..###......##.....
#...Y..#.#.#.{{##YY#.#.###.#...P
....Y......YYY##Y##..)#....#....
.....Y.....Y.FY@Y...............
.#.####P#.PY#Y##..####.P.#.##...
############# #.########. ### ##


You could see 3 death yaks, 6 elephants, a spiny frog and 2 dream sheep.

Vanquished Creatures
  Gastronok (Lair:3)
  A stone giant (Volcano)
  Erolcha (D:10)
  Fannar (Lair:2)
  5 hydras
  Erica (D:10)
  3 two-headed ogres
  10 death yaks
  Pikel (D:7)
  3 ugly things
  A manticore (D:11)
  5 elephants
  Joseph (D:10)
  5 black mambas
  2 merfolk sirens (Lair:4)
  12 spiny frogs
  3 molten gargoyles
  A gargoyle (Volcano)
  An efreet (Volcano)
  2 rime drakes (Lair:4)
  3 komodo dragons
  2 merfolk (Lair:4)
  2 meliai (Lair:5)
  2 trolls
  14 blink frogs
  The ghost of Omegatherion the Slasher, an amateur HuFi (D:4)
  9 dream sheep
  7 hippogriffs
  8 spriggans (Lair:5)
  42 yaks
  A fire elemental (Volcano)
  2 fire bats (Volcano)
  4 wyverns
  6 basilisks
  A hungry ghost (D:8)
  4 nagas (Lair:3)
  3 hell hounds (Lair:6)
  Duvessa (D:6)
  16 water moccasins
  5 porcupines
  2 slaves (D:7)
  3 black bears
  6 sky beasts
  3 ice beasts
  A hornet zombie (D:11)
  8 orc warriors
  A phantom (D:12)
  2 eyes of draining
  A necrophage (D:11)
  7 ogres
  3 centaurs
  A big kobold (D:8)
  7 crocodiles
  23 bullfrogs
  Dowan (D:6)
  3 earth elementals (Volcano)
  2 scorpions
  54 killer bees
  3 wights (D:10)
  4 electric eels
  2 howler monkeys
  3 crimson imps
  8 lava snakes
  A jelly (D:10)
  8 orc priests
  10 hounds
  A gnoll shaman (D:4)
  14 orc wizards
  3 bullfrog skeletons
  2 centaur skeletons
  3 iguanas
  11 worker ants
  3 worker ant zombies
  12 gnolls
  A howler monkey skeleton (D:10)
  14 adders
  4 shadow imps
  An adder zombie (D:6)
  2 worms
  An adder skeleton (D:4)
  A dart slug (D:2)
  9 leopard geckos
  40 orcs
  5 ball pythons
  7 bats
  9 giant cockroaches
  7 goblins
  3 hobgoblins
  18 jackals
  4 quokkas
  5 frilled lizards
  17 kobolds
  3 quokka skeletons
  4 rats
  8 plants
572 creatures vanquished.

Vanquished Creatures (others)
  A slave (D:10)
  An orc (D:10)
  11 fungi
  20 plants
33 creatures vanquished.

Grand Total: 605 creatures vanquished

Notes
Turn   | Place    | Note
-------+----------+-------------------------------------------
     0 | D:1      | Peloso the Minotaur Fighter began the quest for the Orb.
     0 | D:1      | Reached XP level 1. HP: 19/19 MP: 0/0
   292 | D:1      | Reached XP level 2. HP: 27/27 MP: 1/1
  1125 | D:2      | Reached XP level 3. HP: 33/33 MP: 2/2
  1263 | D:2      | Reached skill level 3 in Long Blades
  1703 | D:3      | Reached XP level 4. HP: 40/40 MP: 3/3
  2153 | D:4      | Noticed Omegatherion's ghost (amateur HuFi)
  2169 | D:4      | Killed Omegatherion's ghost
  2169 | D:4      | Reached skill level 5 in Long Blades
  2169 | D:4      | Reached skill level 5 in Shields
  2169 | D:4      | Reached XP level 5. HP: 17/47 MP: 4/4
  2169 | D:4      | Reached XP level 6. HP: 19/53 MP: 5/5
  2296 | D:4      | Found a glowing drain.
  2300 | Sewer    | Entered a sewer
  3482 | D:3      | Reached skill level 1 in Dodging
  3723 | D:3      | Reached skill level 5 in Armour
  3723 | D:3      | Reached XP level 7. HP: 60/60 MP: 6/6
  3862 | D:4      | Reached skill level 6 in Long Blades
  3916 | D:4      | Found a staircase to the Ecumenical Temple.
  3925 | Temple   | Entered the Ecumenical Temple
  3982 | Temple   | Became a worshipper of Warmaster Okawaru
  4096 | D:4      | Reached skill level 5 in Fighting
  4456 | D:4      | Reached skill level 7 in Long Blades
  4468 | D:5      | Entered Level 5 of the Dungeon
  4699 | D:5      | Reached * piety under Okawaru
  4739 | D:5      | Reached XP level 8. HP: 68/68 MP: 7/7
  5272 | D:6      | Reached skill level 8 in Long Blades
  5380 | D:6      | Reached ** piety under Okawaru
  5574 | D:7      | Noticed Duvessa
  5574 | D:7      | Noticed Dowan
  5594 | D:6      | Killed Duvessa
  5599 | D:6      | Killed Dowan
  5814 | D:7      | Reached skill level 9 in Long Blades
  5814 | D:7      | Reached XP level 9. HP: 55/77 MP: 8/8
  6071 | D:7      | Found an opulent altar of Gozag.
  6772 | D:7      | Got a crude rapier
  6773 | D:7      | Identified the +11 rapier of Rubbish {freeze, rElec SInv} (You found it on level 7 of the Dungeon)
  6811 | D:8      | Noticed a two-headed ogre
  6821 | D:8      | Killed a two-headed ogre
  6821 | D:8      | Reached *** piety under Okawaru
  6821 | D:8      | Reached skill level 10 in Long Blades
  6995 | D:7      | Reached **** piety under Okawaru
  7320 | D:8      | Reached XP level 10. HP: 82/86 MP: 9/9
  7414 | D:8      | Reached skill level 11 in Long Blades
  7682 | D:8      | Noticed Pikel
  7882 | D:7      | Killed Pikel
  7882 | D:7      | Reached ***** piety under Okawaru
  8495 | D:8      | Received a gift from Okawaru
  8501 | D:8      | Got a smoking plate armour {god gift}
  8515 | D:8      | Identified the +1 plate armour of Bitterness {+Blink MR++ Stlth+} (Okawaru gifted it to you on level 8 of the Dungeon)
  9572 | D:10     | Entered Level 10 of the Dungeon
  9599 | D:10     | Noticed a two-headed ogre
  9605 | D:10     | Killed a two-headed ogre
  9605 | D:10     | Reached skill level 10 in Shields
  9676 | D:10     | Noticed Erica
  9683 | D:10     | Killed Erica
  9683 | D:10     | Reached skill level 12 in Long Blades
  9849 | D:10     | Noticed a death yak
  9849 | D:10     | Noticed a death yak
  9849 | D:10     | Noticed a death yak
  9850 | D:10     | Noticed a death yak
  9856 | D:10     | Killed a death yak
  9856 | D:10     | Reached XP level 11. HP: 94/94 MP: 7/10
  9858 | D:10     | Noticed a death yak
  9859 | D:10     | Noticed a death yak
  9865 | D:10     | Killed a death yak
  9870 | D:10     | Noticed a death yak
  9873 | D:10     | Killed a death yak
  9873 | D:10     | Reached skill level 10 in Armour
  9878 | D:10     | Noticed a death yak
 10242 | D:10     | Noticed a death yak
 10263 | D:10     | Killed a death yak
 10268 | D:10     | Noticed a death yak
 10270 | D:10     | Killed a death yak
 10288 | D:10     | Noticed a two-headed ogre
 10300 | D:10     | Noticed Joseph
 10676 | D:9      | Killed a death yak
 10676 | D:9      | Reached skill level 1 in Invocations
 10764 | D:9      | Killed a two-headed ogre
 10764 | D:9      | Received a gift from Okawaru
 10770 | D:9      | Killed a death yak
 10770 | D:9      | Reached skill level 13 in Long Blades
 10780 | D:9      | Got a brightly glowing short sword {god gift}
 10781 | D:9      | Identified the +1 short sword "Mujol" {freeze, rElec rC++} (Okawaru gifted it to you on level 9 of the Dungeon)
 10966 | D:9      | Killed a death yak
 10976 | D:9      | Killed a death yak
 11068 | D:10     | Killed Joseph
 11081 | D:10     | Killed a death yak
 11081 | D:10     | Reached skill level 10 in Fighting
 11254 | D:10     | Found a staircase to the Lair.
 11485 | D:10     | Reached XP level 12. HP: 106/106 MP: 10/12
 11517 | D:10     | Noticed Erolcha
 11542 | D:10     | Killed Erolcha
 11730 | D:10     | Found a staircase to the Orcish Mines.
 11995 | D:11     | Reached skill level 14 in Long Blades
 12222 | D:11     | Found Siath's Antique Armour Shop.
 12230 | D:11     | Bought a pair of glowing gloves for 217 gold pieces
 12307 | D:11     | Found a blossoming altar of Fedhas.
 12348 | D:11     | Received a gift from Okawaru
 12383 | D:11     | Received a gift from Okawaru
 12756 | D:12     | Found a shadowy altar of Dithmenos.
 13366 | D:12     | Noticed a four-headed hydra
 13372 | D:12     | Killed a two-headed hydra
 13610 | D:12     | Noticed an eight-headed hydra
 13621 | D:12     | Killed a four-headed hydra
 13623 | D:12     | Noticed an eight-headed hydra
 13631 | D:12     | Killed a four-headed hydra
 13631 | D:12     | Reached skill level 5 in Dodging
 13631 | D:12     | Reached skill level 1 in Stealth
 13837 | Lair:1   | Entered Level 1 of the Lair of Beasts
 14333 | Lair:1   | Received a gift from Okawaru
 14566 | Lair:1   | Reached skill level 15 in Long Blades
 14589 | Lair:1   | Reached ****** piety under Okawaru
 14595 | Lair:1   | Reached XP level 13. HP: 32/117 MP: 13/13
 15426 | Lair:2   | Noticed Fannar
 15528 | Lair:2   | Killed Fannar
 16097 | Lair:3   | Noticed Gastronok
 16132 | Lair:3   | Killed Gastronok
 16161 | Lair:3   | Found a dark tunnel.
 16166 | Volcano  | Entered a volcano
 16695 | Volcano  | Found a radiant altar of Vehumet.
 16921 | Volcano  | Noticed a stone giant
 16929 | Volcano  | Killed a stone giant
 17400 | Lair:3   | Found a staircase to the Snake Pit.
 17474 | Lair:3   | Received a gift from Okawaru
 18301 | Lair:4   | Found a staircase to the Shoals.
 19661 | Lair:5   | Reached XP level 14. HP: 121/129 MP: 15/15
 20254 | Lair:5   | Received a gift from Okawaru
 20758 | Lair:5   | Reached skill level 16 in Long Blades
 21217 | Lair:6   | Entered Level 6 of the Lair of Beasts
 21307 | Lair:6   | Received a gift from Okawaru
 21956 | Lair:6   | Identified 2 scrolls of acquirement
 22087 | Lair:6   | Reached skill level 15 in Shields
 22173 | Lair:6   | HP: 1/129 [death yak (15)]
 22173 | Lair:6   | Slain by an elephant

Skill      XL: |  1  2  3  4  5  6  7  8  9 10 11 12 13 14 |
---------------+-------------------------------------------+-----
Armour         | 4 5 6 8 9 11 12 13 | 13.9
Shields        | 4 5 6 8 9 10 11 12 14 15 | 15.1
Long Blades    | 3 5 7 9 10 12 13 15 16 | 16.2
Fighting       | 4 5 6 7 8 10 11 13 | 13.5
Dodging        | 1 3 4 5 |  5.1
Invocations    | 1 2 3 |  3.0
Stealth        | 1 2 |  2.2

Action                   |  1- 3 |  4- 6 |  7- 9 | 10-12 | 13-15 || total
-------------------------+-------+-------+-------+-------+-------++-------
Melee: Long sword        |   113 |   304 |   363 |   159 |       ||   939
       Headbutt          |    20 |    65 |    79 |   175 |   165 ||   504
       Scimitar          |       |       |       |   443 |   759 ||  1202
       Double sword      |       |       |       |    69 |       ||    69
Invok: Heroism           |       |       |     1 |     9 |     5 ||    15
       Finesse           |       |       |       |       |     1 ||     1
Evoke: Wand              |       |       |       |       |     1 ||     1
  Use: Potion            |       |     1 |       |     1 |       ||     2
       Scroll            |       |    10 |     2 |    19 |    10 ||    41
  Eat: Chunk             |     3 |     7 |    12 |    21 |    20 ||    63
       Royal jelly       |       |       |     1 |       |     1 ||     2
       Fruit             |       |       |       |     2 |     5 ||     7
Armor: Scale mail        |    16 |       |    59 |    24 |       ||    99
       Chain mail        |    50 |   104 |   105 |       |       ||   259
       Plate armour      |       |       |       |   243 |   284 ||   527
Dodge: Dodged            |    22 |    35 |    85 |   159 |   217 ||   518
       Deflected         |       |       |       |       |     7 ||     7
Block: Shield            |    58 |   121 |   173 |   364 |   494 ||  1210
       Large shield      |       |       |       |       |    67 ||    67
       Rpst.: Long sword |     2 |    14 |    17 |    15 |       ||    48
       Scimitar          |       |       |       |    19 |    60 ||    79
       Double sword      |       |       |       |     2 |       ||     2
